 Dungeon Crawl Stone Soup version 0.21-a0-79-g04744e2 (webtiles) character file.

200 Ijustatesigmund the Sneak (level 5, -2/36 HPs)
             Began as an Octopode Assassin on June 22, 2017.
             Slain by a scorpion (9 damage)
             ... on level 4 of the Dungeon.
             The game lasted 00:06:12 (2389 turns).

Ijustatesigmund the Sneak (Octopode Assassin)       Turns: 2389, Time: 00:06:14

Health: -2/36      AC:  1    Str: 10    XL:     5   Next: 79%
Magic:  5/5        EV: 14    Int: 13    God:
Gold:   206        SH:  2    Dex: 15    Spells: 4/4 levels left

rFire    . . .     SeeInvis .   a - +4 dagger
rCold    . . .     Gourm    .   (no shield)
rNeg     . . .     Faith    .   (helmet restricted)
rPois    .         Spirit   .   k - +2 amulet of reflection
rElec    .         Reflect  +   i - ring of stealth
rCorr    .         Harm     .   (no ring)
MR       .....                  (no ring)
Stlth    +++++.....             (no ring)
HPRegen  0.12/turn              (no ring)
MPRegen  0.09/turn              (no ring)
                                (no ring)
                                (no ring)

@: lethally poisoned (-2 -> -17)
A: almost no armour, stealthy swim, amphibious, 8 rings, constrict 8, camouflage
1, gelatinous body 1
a: no special abilities


You were on level 4 of the Dungeon.
You were hungry.

You visited 1 branch of the dungeon, and saw 4 of its levels.

You collected 206 gold pieces.

Inventory:

Hand Weapons
 a - a +4 dagger (weapon)
 b - a +0 blowgun
 m - a +1 dagger of venom
Missiles
 c - 14 poisoned needles
 d - 6 curare-tipped needles
Jewellery
 i - a ring of stealth (left tentacle)
 k - a +2 amulet of reflection (around mantle)
Wands
 n - a wand of paralysis (9/24)
Scrolls
 e - 2 scrolls of remove curse
 h - a scroll of blinking
 j - 2 scrolls of identify
Comestibles
 f - 3 bread rations
 g - 4 meat rations
 o - a royal jelly


   Skills:
 + Level 3.6 Fighting
 + Level 3.9 Short Blades
 - Level 2.0 Throwing
 - Level 2.9 Dodging
 + Level 5.3 Stealth


You had 4 spell levels left.
You didn't know any spells.

Dungeon Overview and Level Annotations

Branches:
Dungeon (4/15)
 Temple: D:4-7

Altars:
Dithmenos


Innate Abilities, Weirdness & Mutations

You cannot wear most types of armour.
You are very stealthy in the water. (Stealth+)
You are amphibious.
You can wear up to eight rings at the same time.
You can use your tentacles to constrict eight enemies at once.
Your skin changes colour to match your surroundings (Stealth+).
Your rubbery body absorbs attacks. (AC +1, EV +1)


Message History

The scorpion misses you. The orc hits you but does no damage.
You are more poisoned.
The phantom hits you.
You hit the scorpion. You grab the scorpion.
The scorpion is lightly wounded.
You constrict the orc.
You kill the orc!
You constrict the scorpion, but do no damage.
You feel sick. The scorpion barely misses you.
You hit the scorpion.
The scorpion is moderately wounded.
You constrict the scorpion, but do no damage.
You feel sick. The phantom completely misses you. The scorpion stings you.
You hit the scorpion.
The scorpion is moderately wounded.
You constrict the scorpion, but do no damage.
You feel sick. The phantom hits you!
* * * LOW HITPOINT WARNING * * *
The scorpion stings you!
You die...

############
##(..((.ooos####
###...#######oW...
###.).### ###....
##..@s.#
####......
#..W..##
#......... #######
...........
...........
.........W.
...........
...........
...........
..........


You could see a phantom and a scorpion.

Vanquished Creatures
  A howler monkey (D:3)
  2 orc wizards (D:3)
  3 adders (D:3)
  3 worms
  A dart slug (D:2)
  10 orcs
  A ball python (D:3)
  5 bats
  6 giant cockroaches
  6 goblins
  4 hobgoblins
  3 jackals (D:3)
  A quokka (D:2)
  8 frilled lizards
  7 kobolds
  A quokka skeleton (D:4)
  3 rats
65 creatures vanquished.

Notes
Turn   | Place    | Note
-------+----------+-------------------------------------------
     0 | D:1      | Ijustatesigmund the Octopode Assassin began the quest for the Orb.
     0 | D:1      | Reached XP level 1. HP: 14/14 MP: 1/1
   383 | D:1      | Reached XP level 2. HP: 16/19 MP: 2/2
   834 | D:2      | Reached XP level 3. HP: 23/25 MP: 3/3
  1624 | D:3      | Reached XP level 4. HP: 30/30 MP: 4/4
  1749 | D:3      | Reached XP level 5. HP: 27/36 MP: 5/5
  1767 | D:3      | Found a shadowy altar of Dithmenos.
  2133 | D:4      | Noticed a phantom
  2389 | D:4      | Slain by a scorpion

Vault maps used:
D:1:      minmay_arrival_jagged
D:3:      grunt_dithmenos_smoke_and_mirrors
D:4:      serial_glass, glass_columns_c, glass_columns_b

Skill      XL: |  1  2  3  4 |
---------------+-------------+-----
Short Blades   | 3 |  3.9
Dodging        | 2 |  2.9
Fighting       | 3 |  3.6
Throwing       | |  2.0
Stealth        | |  5.3

Action                   |  1- 3 |  4- 6 || total
-------------------------+-------+-------++-------
Melee: Dagger            |    65 |    78 ||   143
       Constrict         |    16 |    19 ||    35
       Tentacles         |     9 |    18 ||    27
 Fire: Blowgun           |       |     7 ||     7
Evoke: Wand              |       |     1 ||     1
  Use: Scroll            |     7 |       ||     7
       Potion            |     4 |       ||     4
 Stab: Sleeping          |    12 |     1 ||    13
       Distracted        |       |     1 ||     1
  Eat: Chunk             |     2 |     2 ||     4
Armor: Skin              |     3 |     1 ||     4
Dodge: Dodged            |    21 |    66 ||    87
Block: Other             |       |     3 ||     3
